 Dungeon Crawl Stone Soup version 0.28.0-49-g6dfe1f597d (webtiles) character file.

Game seed: 16691354058391958903

73 joe1234567 the Covered (level 4, -2/36 HPs)
             Began as a Minotaur Fighter on May 14, 2022.
             Was a Follower of Hepliaklqana.
             Slain by an orc
             ... wielding a +0 club
              (4 damage)
             ... on level 3 of the Dungeon on May 18, 2022.
             The game lasted 00:07:26 (1749 turns).

joe1234567 the Covered (Minotaur Fighter)           Turns: 1749, Time: 00:07:26

Health: -2/36      AC:  0    Str: 23    XL:     4   Next: 8%
Magic:  3/3        EV: 13    Int:  5    God:    Hepliaklqana [*.....]
Gold:   65         SH:  0    Dex:  9    Spells: 3/3 levels left

rFire   . . .      SeeInvis .   (weapon currently unavailable)
rCold   . . .      Faith    .   (shield currently unavailable)
rNeg    . . .      Spirit   .   (armour currently unavailable)
rPois   .          Reflect  .   (helmet currently unavailable)
rElec   .          Harm     .   (cloak currently unavailable)
rCorr   .          Rampage  .   (gloves currently unavailable)
Will    .....                   (boots currently unavailable)
Stlth   +.........              (no amulet)
HPRegen 0.12/turn               (ring currently unavailable)
MPRegen 0.08/turn               (ring currently unavailable)

@: pig-form (expiring), very quick
A: fast, no casting, reduced essence, small, (horns 2), (retaliatory headbutt)
a: Renounce Religion, Recall Ancestor, Ancestor Identity


You were on level 3 of the Dungeon.
You worshipped Hepliaklqana.
Hepliaklqana was aware of your devotion.
You were a filthy swine.
You visited 1 branch of the dungeon, and saw 3 of its levels.

You collected 65 gold pieces.

Inventory:

Hand Weapons
 a - a +0 war axe (melded)
Armour
 b - a +0 scale mail (melded)
 c - a +0 buckler (melded)
 g - a +0 pair of boots (melded)
 h - a +0 ring mail
Jewellery
 j - a ring of positive energy (melded)
Scrolls
 f - a scroll of teleportation {unknown}
 i - 5 scrolls of identify {unknown}
Potions
 d - a potion of might
 e - a potion of berserk rage {unknown}
 k - 2 potions of curing {unknown}


   Skills:
 + Level 4.3 Fighting
 + Level 3.2 Axes
 + Level 4.4 Armour
 + Level 1.3 Dodging
 + Level 3.9 Shields


You had 3 spell levels left.
You didn't know any spells.
Your spell library was empty.

Dungeon Overview and Level Annotations

Branches:
Dungeon (3/15)

Altars:
Hepliaklqana

Annotations:
D:3 Ijyb


Innate Abilities, Weirdness & Mutations

You are a filthy swine.
You move quickly.
Your equipment is almost entirely melded.
You are incapable of wielding weapons or throwing items.
You cannot cast spells.
Your life essence is reduced to manifest your ancestor. (-10% HP)
((You have a pair of horns on your head.))
((You reflexively headbutt those who attack you in melee.))


Message History

The orc wizard is heavily wounded.
The orc wizard points at you and mumbles some strange words.
The puff of flame hits you!
The orc wizard mumbles some strange words.
The orc wizard flickers and vanishes!
Deactivating autopickup; reactivate with Ctrl-A.
Ijyb hits you with a +0 dagger.
An orc priest comes into view. It is wielding a +0 short sword.
Hrothgar hits the orc wizard.
You closely miss the orc wizard.
The orc wizard is severely wounded.
The orc wizard hits Hrothgar with a +0 dagger.
The orc wizard hits you with a +0 dagger.
Ijyb hits you with a +0 dagger!
* * * LOW HITPOINT WARNING * * *
The orc priest calls upon Beogh to heal the orc wizard.
The orc hits you with a +0 club.
* * * LOW HITPOINT WARNING * * *
Hrothgar closely misses the orc wizard.
You hit the orc wizard.
The orc wizard is almost dead.
The orc wizard hits Hrothgar with a +0 dagger.
Something hits Hrothgar but does no damage.
The orc wizard casts a spell.
The orc wizard flickers and vanishes!
Ijyb hits you with a +0 dagger.
* * * LOW HITPOINT WARNING * * *
A goblin comes into view. It is wielding a +0 dagger.
The orc barely misses you.
You miss something.
Your transformation is almost over.
Hrothgar hits something.
Reactivating autopickup.
You feel a bit more experienced.
The orc wizard hits Hrothgar with a +0 dagger.
Something hits Hrothgar.
Ijyb screams, "Me stronger than you!" Ijyb barely misses you.
The orc grunts loudly.
The orc hits you with a +0 club.
You die...

#. #.. #..
#... #...
###...#####
......og..#
.?o.o.gh.#
....o>R<##
#.#..o###
#... #..
#.# ##


You could see the friendly Hrothgar the ancestor, Ijyb, 2 orc priests, an orc
wizard, 2 orcs and a hobgoblin.

Vanquished Creatures
  An adder (D:2)
  2 dart slugs
  A worm (D:2)
  4 bats
  An endoplasm (D:2)
  A giant cockroach (D:1)
  4 goblins
  4 hobgoblins
  7 jackals (D:1)
  A kobold (D:1)
  3 quokkas (D:1)
  6 ball pythons
  3 frilled lizards
  2 rats
40 creatures vanquished.

Vanquished Creatures (collateral kills)
  An orc wizard (D:3)
  An adder (D:2)
  A kobold (D:2)
  A quokka (D:2)
  A rat (D:2)
5 creatures vanquished.

Vanquished Creatures (others)
  2 fungi (D:2)
  2 plants (D:2)
4 creatures vanquished.

Grand Total: 49 creatures vanquished

Notes
Turn   | Place    | Note
-------+----------+-------------------------------------------
     0 | D:1      | joe1234567 the Minotaur Fighter began the quest for the
                  | Orb.
     0 | D:1      | Reached XP level 1. HP: 19/19 MP: 0/0
   319 | D:1      | Reached XP level 2. HP: 26/27 MP: 1/1
   984 | D:1      | Reached XP level 3. HP: 24/33 MP: 2/2
  1151 | D:2      | Found a faded altar of an unknown god.
  1159 | D:2      | Prayed at the altar of an unknown god.
  1159 | D:2      | Became a worshipper of Hepliaklqana the Forgotten
  1159 | D:2      | Reached * piety under Hepliaklqana
  1229 | D:2      | Reached skill level 1 in Dodging
  1460 | D:2      | Reached XP level 4. HP: 26/36 MP: 3/3
  1742 | D:3      | Noticed Ijyb
  1749 | D:3      | Slain by an orc

Illustrated notes

Levels and vault maps discovered:
D:1:      nicolae_arrival_somewhat_less_tricky_arrival, layout_basic
D:2:      minmay_evil_eye, layout_rooms, shapermc_ecumenical_altar_petra
D:3:      minmay_inner_zag, layout_loops_cross, uniq_ijyb

Skill      XL: |  1  2  3 |
---------------+----------+-----
Fighting       | 4 |  4.3
Armour         | 4 |  4.4
Dodging        | 1 |  1.3
Axes           | 3 |  3.2
Shields        | |  3.9

Action                   |  1- 3 |  4- 6 || total
-------------------------+-------+-------++-------
Melee: War axe           |    77 |    10 ||    87
       Headbutt          |     5 |     1 ||     6
       Unarmed           |       |     6 ||     6
Armor: Scale mail        |    58 |     6 ||    64
Dodge: Dodged            |    64 |     8 ||    72
Block: Buckler           |    32 |     1 ||    33
